badnik, neutral male gnomish Archeologist ------------------------- ------------------------ |....................... .......?....:..........v| |..............%.!!..... ........................| |................./?.... ........................| |.....................M. G .a.........*............| |.......d.......S....... ........................| ....................................Y...................... ...............^..... ... ...........u` a@. ...........r................ ......f..aa.F.............n.............................................. |........'.............. k ........................| |...F................:.. ...e...........!h.......| |........a......h....... ....?...................| |.>.........`........... ..............+.........| |..........a..!......... oo G ..............[.........| |....................... ..:........S............| ------------------------- ------------------------ badnik the Digger Experience level: 1 Strength: 9 Dexterity: 10 Constitution: 16 Intelligence: 16 Wisdom: 15 Charisma: 9 Health: 0(12) Energy: 3(3) Def: 1 Gold: 298 Moves: 281 Dungeon seed: gZPf26aYgjkBZYrk Game ID: badnik_1498645759 Your Inventory: Coins $ - 298 gold pieces Weapons a - a +2 bullwhip Armor e - an uncursed +0 leather jacket (being worn) n - an uncursed +0 fedora (being worn) Comestibles b - 5 uncursed food rations Tools c - a +0 pick-axe (weapon in hand) d - a tinning kit (0:95) f - an uncursed sack Gems q - an uncursed touchstone Spells and supernatural/magical abilities: Name Level Category Fail Memory W - pray for help -- divine ? -- Your skills at the end: Fighting Skills Weapon Skills pick-axe [Basic] whip [Basic] Spellcasting Skills Final Attributes: You were fervently aligned. You had infravision. You were stealthy. You were fast. You are dead. Voluntary challenges: You went without food. You were an atheist. You used a wielded weapon 1 time, starting on turn 4. You were a pacifist. You were illiterate. You never genocided any monsters. You never polymorphed an object. You never changed form. You used no wishes. You never split a pudding. You never wrote Elbereth's name. You never violated your personal moral code. Dungeon overview: The Dungeons of Doom: levels 1 to 11 Level 1 a long staircase Level 2 Level 3 Level 4 Level 5 Level 6 Level 7 Level 8 Level 9 Level 10 Level 11 <- You were here History has recorded: On T:1 you entered the Dungeons of Doom to retrieve the Amulet of Yendor! On T:26 you reached level 2 of The Dungeons of Doom. On T:59 you reached level 3 of The Dungeons of Doom. On T:81 you reached level 4 of The Dungeons of Doom. On T:110 you reached level 5 of The Dungeons of Doom. On T:131 you reached level 6 of The Dungeons of Doom. On T:163 you reached level 7 of The Dungeons of Doom. On T:201 you reached level 8 of The Dungeons of Doom. On T:235 you reached level 9 of The Dungeons of Doom. On T:273 you reached level 10 of The Dungeons of Doom. On T:276 you reached level 11 of The Dungeons of Doom. Score breakdown: Gold: 298 ( 8421 points) Experience: 1 level ( 0 points) Exploration: 11 levels ( 22.92%) (13837 points) Discoveries: 0 items ( 0.00%) ( 0 points) Valuables value: (no points given unless you survive) Artifact value: 0 ( 0 points) Variety of kills: 0 monsters ( 0.00%) ( 0 points) Turncount: 281 turns ( 0 points) Survival: died (score multiplied by 80%) Total score: 17806 Latest messages: You start digging downward. The stairs are too hard to dig in. You start digging downward. The stairs are too hard to dig in. You start digging downward. The stairs are too hard to dig in. You start digging downward. The stairs are too hard to dig in. The killer bee stings! You start digging downward. The stairs are too hard to dig in. The killer bee stings! (3x) You start digging downward. The stairs are too hard to dig in. The killer bee stings! (3x) You start digging downward. The stairs are too hard to dig in. The killer bee stings! The killer bee's sting was poisoned! You die... The sack is empty. The sack is empty. Final status: Goodbye badnik the Archeologist, poisoned by a killer bee... You died in The Dungeons of Doom on dungeon level 11 with 17806 points, and 298 pieces of gold, after 281 moves. You were level 1 with a maximum of 12 hit points when you died.